AoeStats
← 风中雨点

MegaRandom

503361122Analyzed
1v1 RM · 1mo ago on Aug 31, 2026· 35m 35s· 2 players
Game mode
Random Map
Map size
Tiny (2 player)
Population
200
Speed
Normal
Resources
Standard
Victory
Conquest
Starting age
Dark Age
Ending age
Imperial Age
RankedLock teamsTeams togetherTeam positionsShared explorationLock speedFull tech treeHidden civsTurbo modeCheats
Victory
Defeat
🇺🇦 Vietnamese · Ukraine
1486
+13
🇨🇳 Franks · China
1427
-13
风中雨点
0:38 Loom
10:23 Feudal Age
14:44 Castle Age
17:56 Double-Bit Axe
21:47 Wheelbarrow
21:35 Bow Saw
28:13 Imperial Age
25:58 Gold Mining
27:15 Hand Cart
28:23 Gold Shaft Mining
28:13 Scale Mail Armor
28:29 Stone Mining
30:15 Forging
32:17 Chain Mail Armor
31:39 Elite Skirmisher
33:21 Conscription
34:04 Plate Mail Armor
33:39 Fletching
34:57 Conscription
Mugen
10:32 Feudal Age
15:36 Castle Age
14:12 Double-Bit Axe
14:38 Horse Collar
23:09 Wheelbarrow
22:36 Squires
22:38 Loom
24:25 Bow Saw
25:40 Gold Mining
26:10 Hand Cart
28:52 Scale Mail Armor
29:03 Forging
32:57 Imperial Age
30:47 Chain Mail Armor
31:03 Padded Archer Armor
32:32 Fletching
33:19 Iron Casting
33:11 Heavy Plow
33:09 Bodkin Arrow
33:29 Leather Archer Armor
34:03 Paper Money
34:38 Ballistics
35:47 Bracer
36:17 Plate Mail Armor
Connection lost

Rejoining the realm…

Still unreachable

The connection could not be restored.

Session expired

The server has moved on; the page needs a fresh start.